 Dungeon Crawl Stone Soup version 0.24-a0-493-g7e4ddcd485 (webtiles) character file.

Game seed: 15557597961552583882

38 Azzok the Firebug (level 3, -1/24 HPs)
             Began as a Demonspawn Fire Elementalist on July 12, 2019.
             Slain by a gnoll
             ... wielding a +0 halberd
              (15 damage)
             ... on level 1 of the Dungeon.
             The game lasted 00:01:24 (1334 turns).

Azzok the Firebug (Demonspawn Fire Elementalist)    Turns: 1334, Time: 00:01:24

Health: -1/24      AC:  2    Str:  8    XL:     3   Next: 25%
Magic:  3/6        EV: 12    Int: 17    God:
Gold:   47         SH:  4    Dex: 13    Spells: 6/7 levels left

rFire    + . .     SeeInvis .   b - +0 club
rCold    x . .     Gourm    .   (no shield)
rNeg     . . .     Faith    .   a - +0 robe
rPois    .         Spirit   .   (no helmet)
rElec    .         Reflect  .   (no cloak)
rCorr    .         Harm     .   (no gloves)
MR       .....                  (no boots)
Stlth    ++........             (no amulet)
HPRegen  0.08/turn              h - ring of fire
MPRegen  0.10/turn              (no ring)

@: very slightly contaminated
A: large bone plates 1, powered by pain 1
a: no special abilities


You were on level 1 of the Dungeon.
You were not hungry.

You visited 1 branch of the dungeon, and saw 2 of its levels.

You collected 47 gold pieces.

Inventory:

Hand Weapons
 b - a +0 club (weapon)
Armour
 a - a +0 robe (worn)
Jewellery
 h - a ring of fire (left hand)
Scrolls
 e - 2 scrolls of remove curse {unknown}
 f - a scroll of blinking {unknown}
 g - a scroll of magic mapping {unknown}
Comestibles
 c - 3 rations
 d - 3 chunks of flesh


   Skills:
 - Level 1.7 Dodging
 - Level 1.7 Stealth
 + Level 2.5 Spellcasting
 + Level 2.0 Conjurations
 + Level 3.2 Fire Magic


You had 6 spell levels left.
You knew the following spells:

 Your Spells              Type           Power        Failure   Level  Hunger
a - Flame Tongue          Conj/Fire      ###..        6%          1    #......

Your spell library contained the following spells:

 Spells                   Type           Power        Failure   Level  Hunger
 Throw Flame              Conj/Fire      ###...       10%         2    ##.....
 Conjure Flame            Conj/Fire      ###.....     19%         3    ###....
 Inner Flame              Hex/Fire       ##......     28%         3    ###....
 Sticky Flame             Conj/Fire      ###.....     54%         4    #####..
 Fireball                 Conj/Fire      ###.......   87%         5    ######.


Dungeon Overview and Level Annotations

Branches:
Dungeon (2/15)

Altars:


Innate Abilities, Weirdness & Mutations

You are partially covered in large bone plates. (SH +4)
You sometimes gain a little power by taking damage.


Message History

Confirm with . or Enter, or press ? or * to list all spells.
Aiming: Flame Tongue (safe; 6% risk of failure)
Press: ? - help, Shift-Dir - straight line, f/p - gnoll
Aim: a gnoll, wielding a +0 halberd (moderately wounded)
You feel a surge of power!
The flame tongue hits the gnoll but does no damage.
The gnoll is moderately wounded.
The gnoll hits you with a +0 halberd!
You climb upwards.
There is a stone staircase leading down here.
Casting: Flame Tongue (safe; 6% risk of failure)
Confirm with . or Enter, or press ? or * to list all spells.
Aiming: Flame Tongue (safe; 6% risk of failure)
Press: ? - help, Shift-Dir - straight line, f - gnoll
Aim: a gnoll, wielding a +0 halberd (moderately wounded)
You feel a surge of power!
You miscast Flame Tongue.
You are very lightly contaminated with residual magic.
Nothing appears to happen.
The gnoll hits you with a +0 halberd!
Ouch! That really hurt!
You die...

▒·▒·▒▒▒·▒▒·····▒·▒
▒▒▒▒▒▒▒▒▒▒·▒··▒▒·▒▒·▒▒▒·▒·▒
▒··········▒··············▒
▒·······▒▒····▒▒·▒▒▒▒▒▒·▒▒▒
▒·······▒·)···▒·········▒
▒·······▒··▒··▒··▒▒▒▒▒▒▒▒
▒▒····▒▒▒··▒··▒··▒···▒
▒▒▒▒▒····▒▒▒··▒··▒▒▒▒·▒·▒
················@·····▒·▒
▒▒▒▒▒····▒▒▒·▒··g▒▒▒▒▒▒·▒ ▒
▒····▒ ▒·▒··▒▒ ▒·▒ ▒ ▒▒▒▒▒▒
▒·▒··▒▒▒▒▒▒▒·▒ ▒
▒·▒········▒·▒ ▒
▒·▒)▒▒▒▒▒▒·▒·▒ ▒ ▒·▒·▒
▒·▒·▒ ▒ ▒▒▒▒▒·▒)▒▒ ▒·▒·▒ ▒
▒········▒▒▒▒▒·▒·▒


You could see a gnoll.

Vanquished Creatures
  An ooze (D:1)
  2 dart slugs (D:1)
  2 giant cockroaches (D:1)
  6 goblins (D:1)
  3 hobgoblins (D:1)
  4 jackals (D:1)
  2 kobolds (D:1)
  2 bats (D:1)
  A frilled lizard (D:1)
  3 rats (D:1)
26 creatures vanquished.

Notes
Turn   | Place    | Note
-------+----------+-------------------------------------------
     0 | D:1      | Azzok the Demonspawn Fire Elementalist began the quest for
                  | the Orb.
     0 | D:1      | Reached XP level 1. HP: 13/13 MP: 3/3
   279 | D:1      | Gained mutation: You are partially covered in large bone
                  | plates. (SH +4) [demonic ancestry]
   279 | D:1      | Reached XP level 2. HP: 19/19 MP: 3/5
   384 | D:1      | Reached skill level 3 in Fire Magic
   830 | D:1      | Gained mutation: You sometimes gain a little power by
                  | taking damage. [demonic ancestry]
   830 | D:1      | Reached XP level 3. HP: 23/24 MP: 0/6
  1334 | D:1      | Slain by a gnoll

Levels and vault maps discovered:
D:1:      tarquinn_simple_flora_water_a, layout_basic
D:2:      layout_basic

Skill      XL: |  1  2  3 |
---------------+----------+-----
Fire Magic     | 3 |  3.2
Conjurations   | 2 |  2.0
Dodging        | |  1.7
Stealth        | |  1.7
Spellcasting   | |  2.5

Action                   || total
-------------------------++-------
Melee: Club              ||    24
       Unarmed           ||     1
 Cast: Flame Tongue      ||    51
  Eat: Chunk             ||     2
Armor: Robe              ||     8
Dodge: Dodged            ||    25
Block: Other             ||     7

Table legend:
 A = Non-vault XP
 B = Vault XP
 C = Vault XP percentage of total XP
 D = Non-vault monster count
 E = Vault monster count
 F = Vault count percentage of total count
                 A         B        C        D         E       F
            +---------+---------+-------+---------+---------+-------
      Total |      55 |       0 |   0.0 |      26 |       0 |   0.0
            +---------+---------+-------+---------+---------+-------
        D:1 |      55 |       0 |   0.0 |      26 |       0 |   0.0
            +---------+---------+-------+---------+---------+-------
